 Dungeon Crawl Stone Soup version 0.28-a0-1184-g53156a8862 (webtiles) character file.

Game seed: 17456603770750549236

109 horus123 the Conjurer (level 4, -7/24 HPs)
             Began as a Deep Elf Conjurer on Dec 17, 2021.
             Was an Initiate of Vehumet.
             Mangled by a yak (9 damage)
             ... on level 5 of the Dungeon.
             The game lasted 00:05:14 (3131 turns).

horus123 the Conjurer (Deep Elf Conjurer)           Turns: 3131, Time: 00:05:14

Health: -7/24      AC:  5    Str:  4    XL:     4   Next: 60%
Magic:  7/12       EV: 12    Int: 25    God:    Vehumet [......]
Gold:   218        SH:  0    Dex: 13    Spells: 1/11 levels left

rFire   . . .      SeeInvis .   i - staff of poison
rCold   . . .      Faith    .   (no shield)
rNeg    . . .      Spirit   .   a - +0 robe
rPois   +          Reflect  .   c - +2 hat {Will+}
rElec   .          Harm     .   (no cloak)
rCorr   .          Rampage  .   h - +0 pair of gloves
Will    +....                   (no boots)
Stlth   ++........              (no amulet)
HPRegen 0.08/turn               b - ring of flight
MPRegen 0.13/turn               (no ring)

@: flying
A: no striking features
a: Renounce Religion


You were on level 5 of the Dungeon.
You worshipped Vehumet.
Vehumet was noncommittal.
You visited 1 branch of the dungeon, and saw 4 of its levels.

You collected 218 gold pieces.

Inventory:

Armour
 a - a +0 robe (worn)
 c - a +2 hat of willpower (worn)
 h - a +0 pair of gloves (worn)
Magical Staves
 i - a staff of poison (weapon)
Jewellery
 b - a ring of flight (left hand)
Scrolls
 e - a scroll of noise
Potions
 d - a potion of resistance
 g - a potion of mutation {unknown}


   Skills:
 - Level 2.4 Dodging
 - Level 2.5 Stealth
 + Level 4.2 Spellcasting
 - Level 5.0 Conjurations
 - Level 4.0 Hexes


You had one spell level left.
You knew the following spells:

 Your Spells              Type           Power      Damage    Failure   Level
a - Magic Dart            Conj           100%       1d8       1%          1
b - Searing Ray           Conj           60%        2d6       1%          2
c - Dazzling Flash        Conj/Hex       54%        N/A       4%          3
d - Fulminant Prism       Conj/Hex       13%        3d9       14%         4

Your spell library contained the following spells:

 Spells                   Type           Power      Damage    Failure   Level
 Iskenderun's Mystic Bla  Conj/Tloc      17%        2d5       32%         4


Dungeon Overview and Level Annotations

Branches:
Dungeon (3/15)

Altars:
Fedhas
Vehumet

Shops:
D:1 *   D:5 (


Message History

The magic dart hits the adder.
The adder is severely wounded.
The adder hisses angrily.
The magic dart hits the adder but does no damage.
The adder is severely wounded.
The adder barely misses you.
The magic dart hits the adder.
The adder is almost dead.
The adder bites you.
The magic dart hits the adder!
You kill the adder!
Vehumet accepts your kill.
A yak comes into view.
A yak comes into view.
The yak bellows! x2
The magic dart hits the yak but does no damage.
Casting: Magic Dart (safe; 1% risk of failure)
Confirm with . or Enter, or press ? or * to list all spells.
Aiming: Searing Ray (safe; 1% risk of failure)
Press: ? - help, Shift-Dir - straight line, f/p - yak
Aim: a yak (87% to hit)
The searing ray hits the yak!
The yak is lightly wounded. (Press . to maintain the ray.)
A yak comes into view.
The searing ray hits the yak.
The yak is moderately wounded.
The searing ray hits the yak.
The yak is moderately wounded.
The searing ray misses the yak.
The searing ray hits the yak!
The yak is heavily wounded.
The searing ray hits the yak but does no damage.
You finish channelling your searing ray.
The yak gores you! The yak closely misses you. The yak gores you!
* * * LOW HITPOINT WARNING * * *
The yak gores you!
You die...

#.##.#.###♣.∩.♣.#
#.##.#.# ###♣.#.#
#.##.#.# #......#
#.##.#.###.##.###
#.##.#.....##.#
#.##.#........#
#.##.#.########
#.##.#.# #.##.#@#
#.##.#Y# #.##.#Y#
#.##.#Y# #....#.#
######.# #.# #.#


You could see 3 yaks.

Vanquished Creatures
  A centaur zombie (D:5)
  3 adders
  A worm (D:5)
  A dart slug (D:2)
  5 ball pythons
  7 bats
  5 endoplasms
  2 giant cockroaches
  5 hobgoblins
  3 jackals (D:1)
  5 kobolds (D:1)
  4 frilled lizards
  3 rats
45 creatures vanquished.

Notes
Turn   | Place    | Note
-------+----------+-------------------------------------------
     0 | D:1      | horus123 the Deep Elf Conjurer began the quest for the Orb.
     0 | D:1      | Reached XP level 1. HP: 10/10 MP: 6/6
   172 | D:1      | Reached XP level 2. HP: 15/15 MP: 3/9
   404 | D:1      | Learned a level 2 spell: Searing Ray
   479 | D:1      | Found Saxken's General Store.
   502 | D:1      | Found a faded altar of an unknown god.
   932 | D:1      | Reached skill level 5 in Conjurations
  1320 | D:2      | Reached XP level 3. HP: 19/19 MP: 6/10
  1324 | D:2      | Learned a level 3 spell: Dazzling Flash
  1591 | D:2      | Reached skill level 1 in Hexes
  2308 | D:3      | Found a radiant altar of Vehumet.
  2316 | D:3      | Became a worshipper of Vehumet
  2476 | D:3      | Found a blossoming altar of Fedhas.
  2784 | D:3      | You are sucked into a shaft and drop 2 floors!
  2784 | D:5      | Entered Level 5 of the Dungeon
  2789 | D:5      | Reached XP level 4. HP: 24/24 MP: 7/12
  2838 | D:5      | Learned a level 4 spell: Fulminant Prism
  3019 | D:5      | Found Turib's Antique Weapon Boutique.
  3070 | D:5      | Noticed a yak
  3123 | D:5      | Noticed a yak
  3125 | D:5      | Noticed a yak
  3131 | D:5      | Mangled by a yak

Illustrated notes

Levels and vault maps discovered:
D:1:      dpeg_arrival_houses_and_road, layout_loops_ring, serial_shops, shop,
          shapermc_ecumenical_altar_ellora, hex_large, kennysheep_doodads
D:2:      layout_loops_corners
D:3:      layout_basic, mainiacjoe_overflow_small_starburst,
          mainiacjoe_overflow_alcove_4
D:5:      layout_basic, mainiacjoe_overflow_six_doors_small, serial_shops,
          nicolae_shop_trees, gammafunk_ghost_necromancy

Skill      XL: |  1  2  3  4 |
---------------+-------------+-----
Spellcasting   | 4 |  4.2
Conjurations   | 5 |  5.0
Hexes          | 3 4 |  4.0
Dodging        | |  2.4
Stealth        | |  2.5

Action                   |  1- 3 |  4- 6 || total
-------------------------+-------+-------++-------
 Cast: Magic Dart        |    83 |     6 ||    89
       Searing Ray       |       |     3 ||     3
  Use: Scroll            |     6 |       ||     6
       Potion            |       |     1 ||     1
Armor: Robe              |     6 |    11 ||    17
Dodge: Dodged            |     7 |    18 ||    25

Table legend: (Time is in decaauts)
 A = Elapsed time spent in this place.
 B = Non-inter-level travel time spent in this place.
 C = Inter-level travel time spent in this place.
 D = Time resting spent in this place.
 E = Time spent auto-exploring this place.
 F = Levels seen in this place.
 G = Mean time per level.
                   A        B        C        D        E       F      G
               +--------+--------+--------+--------+--------+-----+--------+
         Total |   3129 |   3105 |     24 |     16 |   2753 |   4 |  782.2 |
       Dungeon |   3129 |   3105 |     24 |     16 |   2753 |   4 |  782.2 |
               +--------+--------+--------+--------+--------+-----+--------+

Top non-repeatable levels by time:
     D:1: 1141 daAuts
     D:2: 858 daAuts
     D:3: 782 daAuts
     D:5: 346 daAuts
